 Dungeon Crawl Stone Soup version 0.20.1-1-g8b1a95d (webtiles) character file.

16 equalderp2856 the Magician (level 2, 0/16 HPs)
             Began as a Felid Wizard on Sept 29, 2017.
             Succumbed to an adder's poison
             ... on level 2 of the Dungeon.
             The game lasted 00:02:48 (1505 turns).

equalderp2856 the Magician (Felid Wizard)           Turns: 1505, Time: 00:02:49

Health: 0/16       AC:  1    Str:  8    XL:     2   Next: 41%
Magic:  1/7        EV: 17    Int: 19    God:
Gold:   78         SH:  0    Dex: 14    Spells: 7/8 levels left
                                        Lives:  0   Deaths: 0

rFire    . . .     SeeInvis +   (weapon unavailable)
rCold    . . .     Gourm    .   (shield unavailable)
rNeg     . . .     Faith    .   (armour unavailable)
rPois    .         Spirit   .   (helmet unavailable)
rElec    .         Reflect  .   (cloak unavailable)
rCorr    .         Harm     .   (gloves unavailable)
MR       .....                  (boots unavailable)
Stlth    ..........             (no amulet)
Regen    0.1/turn               m - ring of wizardry
MPRegen  0.1/turn               (no ring)

@: berserking, lethally poisoned (0 -> -8), very slightly contaminated, very
quick
A: no armour, no weapons or thrown items, stealth, claws 1, fangs 3, see
invisible, carnivore 3, speed 1, shaggy fur 1, slow metabolism 1, sharp paws
a: no special abilities


You were on level 2 of the Dungeon.
You were not hungry.

You visited 1 branch of the dungeon, and saw 2 of its levels.

You collected 78 gold pieces.

Inventory:

Jewellery
 m - a ring of wizardry (left paw)
Scrolls
 c - 2 scrolls of teleportation {unknown}
 d - a scroll of recharging {unknown}
 f - a scroll of enchant weapon {unknown}
 h - a scroll of enchant armour {unknown}
 k - a scroll of fog {unknown}
 n - a scroll of identify {unknown}
Potions
 i - a potion of curing {unknown}
 j - a potion of brilliance {unknown}
 l - a potion of mutation {unknown}
 o - 2 potions of agility {unknown}
Books
 a - a book of Minor Magic

   Spells                             Type                      Level
   a - Magic Dart                     Conjuration                  1
   b - Blink                          Translocation                2
   c - Call Imp                       Summoning                    2
   d - Slow                           Hexes                        2
   e - Conjure Flame                  Conjuration/Fire             3
   f - Mephitic Cloud                 Conjuration/Poison/Air       3
Comestibles
 b - 3 meat rations
 g - a royal jelly


   Skills:
 + Level 2.6 Dodging
 + Level 2.8 Stealth
 + Level 3.6 Spellcasting
 + Level 1.0 Conjurations
   Level 1.0 Summonings
   Level 1.5 Translocations


You had 7 spell levels left.
You knew the following spells:

 Your Spells              Type           Power        Failure   Level  Hunger
a - Magic Dart            Conj           #...         4%          1    None


Dungeon Overview and Level Annotations

Branches:
Dungeon (2/15)

Altars:


Innate Abilities, Weirdness & Mutations

You cannot wear armour.
You are incapable of wielding weapons or throwing items.
Your paws allow you to move quietly. (Stealth)
You have sharp claws.
You have razor-sharp teeth.
You have supernaturally acute eyesight. (SInv)
You are carnivorous and can eat meat at any time.
You cover ground quickly.
You are covered in fur. (AC +1)
You have a slow metabolism.
Your sharp claws are effective at attacking unaware monsters.


Message History

Aim: an adder (heavily wounded)
The magic dart hits the adder.
The adder is severely wounded.
The adder bites you.
Unknown command.
You closely miss the adder. Your bite misses the adder.
The adder is severely wounded.
The adder completely misses you.
Unknown command.
It was a potion of berserk rage.
A red film seems to cover your vision as you go berserk!
You feel yourself moving faster!
You feel mighty! The adder bites you.
* * * LOW HITPOINT WARNING * * *
You are lethally poisoned!
The adder poisons you! The adder completely misses you.
Unknown command.
You are too berserk!
You closely miss the adder.
The adder is severely wounded.
You die...

# %# .# #. #.# ..
#.# # #. #.### .#
#.#####...##<#
##.##.#..........#
#.......S@.......#
#..##............#
###..........#
#............#
#.#.........##
.##.#.........#
..............#
...#..[....†..#
..........#.###


You could see an adder.

Vanquished Creatures
  2 bats
  3 giant cockroaches
  A goblin (D:1)
  A hobgoblin (D:1)
  4 frilled lizards
  3 kobolds
  3 rats
17 creatures vanquished.

Notes
Turn   | Place    | Note
-------+----------+-------------------------------------------
     0 | D:1      | equalderp2856 the Felid Wizard began the quest for the Orb.
     0 | D:1      | Reached XP level 1. HP: 7/7 MP: 5/5
   620 | D:1      | Reached XP level 2. HP: 8/11 MP: 0/7
  1330 | D:2      | Reached skill level 1 in Conjurations
  1505 | D:2      | Succumbed to an adder's poison

Skill      XL: |  1  2 |
---------------+-------+-----
Conjurations   | 1 |  1.0
Dodging        | |  2.6
Stealth        | |  2.8
Spellcasting   | |  3.6
Summonings     | |  1.0
Translocations | |  1.5

Action                   || total
-------------------------++-------
Melee: Unarmed           ||    24
 Cast: Magic Dart        ||    68
  Use: Potion            ||     1
Armor: Skin              ||     2
Dodge: Dodged            ||    39
